 Dungeon Crawl Stone Soup version 0.16.1-11-g651b585 (webtiles) character file.

83 KarvaRausku the Ruffian (level 4, -7/36 HPs)
             Began as a Draconian Transmuter on Apr 7, 2015.
             Killed by divine providence
             ... invoked by an orc priest
              (14 damage)
             ... on level 3 of the Dungeon.
             The game lasted 00:04:48 (2724 turns).

KarvaRausku the Ruffian (Draconian Transmuter)      Turns: 2724, Time: 00:04:48

Health: -7/36      AC:  5    Str: 13    XL:     4   Next: 22%
Magic:  5/8        EV: 12    Int: 13    God:
Gold:   59         SH:  0    Dex: 12    Spells: 2 memorised, 5 levels left

rFire  . . .     SeeInvis .       - Unarmed
rCold  . . .     Clarity  .     (armour unavailable)
rNeg   . . .     SustAb   .     (no shield)
rPois  .         Gourm    .     (helmet restricted)
rElec  .         Spirit   .     (no cloak)
rCorr  .         Warding  .     (no gloves)
rMut   .         Stasis   .     (boots unavailable)
MR     .....                    (no amulet)
Stlth  +.........               (no ring)
                                (no ring)

@: appendage, very slightly contaminated, not resistant to hostile enchantments,
very unstealthy
A: unfitting armour, talons 3, cold-blooded, AC +5
a: End Transformation


You were on level 3 of the Dungeon.
You were hungry.
You had grown temporary talons.
You visited 1 branch of the dungeon, and saw 3 of its levels.

You collected 59 gold pieces.

Inventory:

Missiles
 b - 62 arrows
Jewellery
 l - an uncursed ring of wizardry {unknown}
Scrolls
 c - a scroll of fog {unknown}
 f - a scroll of recharging {unknown}
 h - a scroll of random uselessness {unknown}
 k - 2 scrolls of identify {unknown}
Potions
 e - a potion of heal wounds {unknown}
 i - a potion of flight {unknown}
 j - a potion of experience {unknown}
 m - a potion of degeneration {unknown}
Books
 d - a book of Changes

   Spells                             Type                      Level
   a - Beastly Appendage              Transmutation                1
   b - Sticks to Snakes               Transmutation                2
   c - Spider Form                    Transmutation/Poison         3
   d - Ice Form                       Ice/Transmutation            4
   e - Blade Hands                    Transmutation                5
Comestibles
 a - a bread ration
 g - a royal jelly
 n - a slice of pizza


   Skills:
 + Level 2.1 Fighting
 + Level 2.1 Dodging
 + Level 3.5 Unarmed Combat
 * Level 2.5 Spellcasting
 * Level 2.9 Transmutations


You had 5 spell levels left.
You knew the following spells:

 Your Spells              Type           Power        Failure   Level  Hunger
a - Beastly Appendage     Trmt           #.....       10%         1    #......
b - Sticks to Snakes      Trmt           #.........   12%         2    ###....


Dungeon Overview and Level Annotations

Branches:
Dungeon (3/15)

Altars:


Innate Abilities, Weirdness & Mutations

Your plain brown scales are hard (AC +5).
Your body does not fit into most forms of armour.
Your cold-blooded metabolism reacts poorly to cold.
You have claws for feet.


Message History

Your ball python bites the orc.
Your ball python barely misses the orc.
The orc misses you.
The orc hits your ball python with a hand axe.
Your ball python dies!
The orc hits you with a hand axe of flaming!
The orc burns you.
You hit the orc but do no damage.
Your tail-slap misses the orc.
The orc is moderately wounded.
The orc hits you but does no damage. x2
You hit the orc.
The orc is severely wounded.
The orc priest mumbles some strange prayers to Beogh against you.
Pain shoots through your body! The orc misses you.
The orc hits you with a hand axe of flaming.
* * * LOW HITPOINT WARNING * * *
The orc burns you.
* * * LOW HITPOINT WARNING * * *
The orc priest mumbles some strange prayers to Beogh against you.
Something smites you!
You die...

.#...# #
....##.#
###.##....#.##
..............+
#.###)o.#.#
#....o....#
#####o##### #.#
#@# #.#
#####.#####
#.........#
#.###<###.# #.#
#.. ####


You could see an orc priest and 2 orcs.

Vanquished Creatures
  A gnoll (D:1)
  An adder (D:2)
  A worm (D:2)
  4 giant geckos
  An orc (D:3)
  7 bats
  5 giant cockroaches
  8 hobgoblins
  7 kobolds (D:2)
  A quokka (D:2)
  2 ball pythons (D:2)
  5 giant newts (D:1)
  3 goblins
  4 rats
50 creatures vanquished.

Vanquished Creatures (collateral kills)
  A hobgoblin (D:2)
  A quokka (D:2)
2 creatures vanquished.

Grand Total: 52 creatures vanquished

Notes
Turn   | Place    | Note
--------------------------------------------------------------
     0 | D:1      | KarvaRausku, the Draconian Transmuter, began the quest for the Orb.
     0 | D:1      | Reached XP level 1. HP: 16/16 MP: 3/3
     2 | D:1      | Noticed a minotaur
     2 | D:1      | Noticed a merfolk
     4 | D:1      | Noticed a centaur
     4 | D:1      | Noticed an octopode
     6 | D:1      | Noticed an ogre
     8 | D:1      | Noticed a felid
    10 | D:1      | Noticed a naga
    12 | D:1      | Noticed a demonspawn
    14 | D:1      | Noticed a troll
    16 | D:1      | Noticed a demigod
    16 | D:1      | Noticed a formicid
    18 | D:1      | Noticed a human
    18 | D:1      | Noticed a draconian
    20 | D:1      | Noticed a dwarf
    20 | D:1      | Noticed a vampire
    22 | D:1      | Noticed a tengu
    22 | D:1      | Noticed a gargoyle
    24 | D:1      | Noticed a vine stalker
    24 | D:1      | Noticed a spriggan
    26 | D:1      | Noticed an elf
    26 | D:1      | Noticed a ghoul
   447 | D:1      | Reached XP level 2. HP: 14/23 MP: 2/4
   877 | D:1      | Reached XP level 3. HP: 23/28 MP: 4/6
  1844 | D:2      | Learned a level 2 spell: Sticks to Snakes
  2216 | D:2      | Reached XP level 4. HP: 28/36 MP: 1/8
  2724 | D:3      | Killed from afar by an orc priest

Action                   |  1- 3 |  4- 6 || total
-------------------------+-------+-------++-------
Melee: Unarmed           |   146 |    46 ||   192
 Cast: Beastly Appendage |    16 |     5 ||    21
       Sticks to Snakes  |     5 |     3 ||     8
  Eat: Chunk             |     4 |     2 ||     6
